 Dungeon Crawl Stone Soup version 0.29.1-2-gbd0b4ee654 (webtiles) character file.

Game seed: 2078727204924278145

168 KamiKatze the Shield-Bearer (level 5, 0/33 HPs)
             Began as a Gargoyle Fighter on Nov 15, 2022.
             Slain by Edmund
             ... wielding a +1 dire flail of protection
              (6 damage)
             ... on level 4 of the Dungeon.
             The game lasted 00:07:23 (2396 turns).

KamiKatze the Shield-Bearer (Gargoyle Fighter)      Turns: 2396, Time: 00:07:23

Health: 0/33       AC: 11    Str: 21    XL:     5   Next: 49%
Magic:  5/5        EV:  9    Int:  9    God:
Gold:   205        SH:  4    Dex:  9    Spells: 4/4 levels left

rFire   . . .      SeeInvis .   a - +0 war axe
rCold   . . .      Faith    .   c - +0 buckler
rNeg    + . .      Spirit   .   b - +0 scale mail
rPois   ∞          Reflect  .   (no helmet)
rElec   +          Harm     .   h - scarf {+Inv}
rCorr   .          Rampage  .   (no gloves)
Will    .....                   (no boots)
Stlth   ..........              i - amulet of regeneration
HPRegen 0.91/turn               (no ring)
MPRegen 0.09/turn               (no ring)

@: mighty
A: sickness immunity, AC +4, negative energy resistance 1, electricity
resistance, torment resistance 1, petrification resistance
a: Evoke Invisibility


You were on level 4 of the Dungeon.
You visited 1 branch of the dungeon, and saw 4 of its levels.

You collected 205 gold pieces.

Inventory:

Hand Weapons
 a - a +0 war axe (weapon)
 q - a +0 flail
Armour
 b - a +0 scale mail (worn)
 c - a +0 buckler (worn)
 h - a scarf of invisibility (worn)
Jewellery
 i - an amulet of regeneration (around neck)
 n - a ring of ice
Scrolls
 e - a scroll of vulnerability {unknown}
 j - 2 scrolls of identify {unknown}
 k - a scroll of butterflies {unknown}
 l - a scroll of fear {unknown}
 o - 2 scrolls of teleportation {unknown}
Potions
 f - a potion of flight {unknown}
 g - 2 potions of cancellation {unknown}
 m - 2 potions of mutation {unknown}
 p - a potion of curing {unknown}


   Skills:
 + Level 3.8 Fighting
 * Level 2.9 Axes
 + Level 4.0 Armour
 + Level 1.2 Dodging
 * Level 4.5 Shields


You had 4 spell levels left.
You didn't know any spells.
Your spell library contained the following spells:

 Spells                   Type           Power      Damage    Failure   Level
 Necrotise                Necr           0%         1d4       80%         1
 Vampiric Draining        Necr           0%         2d6       99%         3
 Agony                    Necr           0%         N/A       100%        5


Dungeon Overview and Level Annotations

Branches:
Dungeon (4/15)
 Temple: D:4-7

Altars:

Annotations:
D:3 1 runed translucent door, Crazy Yiuf
D:4 Edmund


Innate Abilities, Weirdness & Mutations

You are immune to sickness and miasma.
Your stone body is resilient. (AC +4)
You are immune to poison.
You resist negative energy. (rN+)
You are resistant to electric shocks. (rElec)
You are resistant to unholy torment.
You are immune to petrification.


Message History

* * * LOW HITPOINT WARNING * * *
You closely miss Edmund.
Edmund is moderately wounded.
Edmund barely misses you.
You closely miss Edmund.
Edmund is moderately wounded.
Edmund hits you with a +1 dire flail of protection.
* * * LOW HITPOINT WARNING * * *
You block Edmund's attack.
You barely miss Edmund.
Edmund is moderately wounded.
Edmund completely misses you.
You slash Edmund!
Edmund is heavily wounded.
Edmund hits you but does no damage.
You closely miss Edmund.
Edmund is heavily wounded.
Edmund gestures with his flail.
Edmund hits you but does no damage.
Edmund hits you with a +1 dire flail of protection.
* * * LOW HITPOINT WARNING * * *
You barely miss Edmund.
Edmund is heavily wounded.
Edmund hits you with a +1 dire flail of protection.
* * * LOW HITPOINT WARNING * * *
You slash Edmund!
Edmund is severely wounded.
Edmund barely misses you.
You hit Edmund.
Edmund is almost dead.
Edmund hits you but does no damage. Edmund completely misses you.
You barely miss Edmund.
Edmund is almost dead.
You block Edmund's attack.
You barely miss Edmund.
Edmund is almost dead.
Edmund hits you with a +1 dire flail of protection!
* * * LOW HITPOINT WARNING * * *
Edmund hits you with a +1 dire flail of protection.
You die...

#....#####
#.......##
#.......##
#....##..##
#...#####.##
#..#..#
##.##
#(.###.#
#..### #..#
#.# ##...##
.... #@#
#....# ###
#@##
##....## ^..
##..##..##
#.)..
#...####.##
#.....
#.##<# ##.#
....##. #.#
##.# ###
...# ## #.#
.# #.. ..#
#. #.. #.


You could see Edmund.

Vanquished Creatures
  An iguana (D:4)
  5 adders
  3 gnolls (D:3)
  An orc (D:3)
  6 ball pythons
  A bat (D:1)
  5 endoplasms
  10 giant cockroaches (D:2)
  6 goblins
  8 hobgoblins
  2 quokkas
  4 frilled lizards
  8 kobolds
  4 rats (D:1)
64 creatures vanquished.

Notes
Turn   | Place    | Note
-------+----------+-------------------------------------------
     0 | D:1      | KamiKatze the Gargoyle Fighter began the quest for the Orb.
     0 | D:1      | Reached XP level 1. HP: 14/14 MP: 1/1
   197 | D:1      | Reached XP level 2. HP: 19/19 MP: 2/2
   551 | D:1      | Reached XP level 3. HP: 19/23 MP: 3/3
  1165 | D:2      | Reached XP level 4. HP: 28/28 MP: 4/4
  1195 | D:2      | Reached skill level 1 in Dodging
  1771 | D:3      | Found a runed translucent door.
  1772 | D:3      | Noticed Crazy Yiuf
  1987 | D:3      | Reached XP level 5. HP: 28/33 MP: 5/5
  2377 | D:4      | Noticed Edmund
  2396 | D:4      | Slain by Edmund

Illustrated notes

Levels and vault maps discovered:
D:1:      dpeg_arrival_long_road, layout_rooms, palyth_stone_intersect,
          st_stairs_13, hangedman_decor_points
D:2:      minmay_roachtagon, layout_loops_ring, chequers_garden,
          nicolae_elevator_lobby_plus
D:3:      layout_loops_ring, uniq_crazy_yiuf_cottage
D:4:      layout_layer_cave, lemuel_coloured_pillars_altar, minmay_bisected,
          uniq_pikel, uniq_edmund, uniq_robin

Skill      XL: |  1  2  3  4  5 |
---------------+----------------+-----
Axes           | 2 |  2.9
Shields        | 4 |  4.5
Dodging        | 1 |  1.2
Armour         | 4 |  4.0
Fighting       | |  3.8

Action                   |  1- 3 |  4- 6 || total
-------------------------+-------+-------++-------
Melee: War axe           |   102 |   107 ||   209
  Use: Potion            |       |     1 ||     1
Armor: Scale mail        |    67 |    48 ||   115
Dodge: Dodged            |    57 |    49 ||   106
Block: Buckler           |    26 |    23 ||    49
